 Dungeon Crawl Stone Soup version 0.23-a0-350-g6fd5563 (webtiles) character file.

1605 Loudmushroom the Chopper (level 8, -5/51 HPs)
             Began as a Gargoyle Fighter on Oct 20, 2018.
             Killed by divine providence
             ... invoked by an orc priest
              (12 damage)
             ... on level 6 of the Dungeon.
             The game lasted 00:34:53 (6390 turns).

Loudmushroom the Chopper (Gargoyle Fighter)         Turns: 6390, Time: 00:34:53

Health: -5/51      AC: 24    Str: 21    XL:     8   Next: 94%
Magic:  9/9        EV:  6    Int: 10    God:
Gold:   171        SH: 11    Dex:  9    Spells: 7/7 levels left

rFire    . . .     SeeInvis .   a - +2 war axe
rCold    + . .     Gourm    .   c - +1 shield
rNeg     + . .     Faith    .   v - +0 chain mail
rPois    ∞         Spirit   .   L - +2 helmet
rElec    +         Reflect  .   i - +2 cloak
rCorr    .         Harm     .   E - +0 pair of gloves
MR       .....                  J - +0 pair of boots
Stlth    ..........             (no amulet)
HPRegen  0.17/turn              k - ring of protection from cold
MPRegen  0.11/turn              (no ring)

@: no status effects
A: negative energy resistance 1, electricity resistance, unbreathing,
petrification resistance, rot immunity, AC +5
a: no special abilities


You were on level 6 of the Dungeon.
You were not hungry.

You visited 1 branch of the dungeon, and saw 6 of its levels.
You also visited: Sewer.

You collected 171 gold pieces.

Inventory:

Hand Weapons
 a - a +2 war axe (weapon)
 b - a +0 hunting sling
 r - a +4 mace of holy wrath
 H - a +0 mace
 K - a +2 spear of freezing
Missiles
 e - 178 stones
 g - 13 poisoned needles
 n - 6 poisoned tomahawks
 o - 24 sling bullets
 z - 5 javelins (quivered)
 F - 23 bolts
 I - 7 tomahawks
Armour
 c - a +1 shield (worn)
 i - a +2 cloak (worn)
 v - a +0 chain mail (worn)
 E - a +0 pair of gloves (worn)
 J - a +0 pair of boots (worn)
 L - a +2 helmet (worn)
Jewellery
 k - a ring of protection from cold (left hand)
Wands
 q - a wand of iceblast (15)
 C - a wand of disintegration (18)
 D - a wand of flame (21)
 G - a wand of random effects (29)
Scrolls
 h - 7 scrolls of teleportation
 j - a scroll of magic mapping
 l - 2 scrolls of identify
 t - 4 scrolls of remove curse
 x - 2 scrolls of blinking
 y - a scroll of enchant armour
Potions
 d - 2 potions of might
 m - 2 potions of resistance {unknown}
 p - a potion of magic {unknown}
 s - 3 potions of haste
 u - 2 potions of lignification {unknown}
 w - a potion of curing {unknown}
 A - a potion of brilliance {unknown}
 B - 3 potions of invisibility {unknown}
Comestibles
 f - 7 rations


   Skills:
 + Level 6.1 Fighting
 * Level 6.3 Axes
 + Level 6.1 Armour
 + Level 6.1 Shields
 + Level 2.1 Evocations


You had 7 spell levels left.
You didn't know any spells.
Your spell library contained the following spells:

 Spells                   Type           Power        Failure   Level  Hunger
 Animate Skeleton         Necr           N/A          100%        1    ##.....
 Apportation              Tloc           #.....       100%        1    ##.....
 Confusing Touch          Hex            #.....       100%        1    ##.....
 Pain                     Necr           #...         100%        1    ##.....
 Summon Small Mammal      Summ           #...         100%        1    ##.....
 Regeneration             Chrm/Necr      #.........   100%        3    ####...
 Vampiric Draining        Necr           #.........   100%        3    ####...
 Animate Dead             Necr           N/A          100%        4    #####..


Dungeon Overview and Level Annotations

Branches:
Dungeon (6/15)
 Temple: D:4-7

Altars:
Cheibriados
Elyvilon
Fedhas
Gozag
Kikubaaqudgha
Ru
Trog
Uskayaw
Vehumet
Wu Jian
Yredelemnul
Zin


Innate Abilities, Weirdness & Mutations

You are resistant to torment.
Your stone body is resilient. (AC +5)
You are immune to poison.
You resist negative energy. (rN+)
You are resistant to electric shocks. (rElec)
You can survive without breathing.
You are immune to petrification.
You are immune to rotting.


Message History

* * * LOW HITPOINT WARNING * * *
You hear a shout!
You hit the orc warrior.
The orc warrior is heavily wounded.
You block the orc warrior's attack.
A gnoll comes into view.
You hit the orc warrior.
The orc warrior is heavily wounded.
The orc warrior closely misses you.
You hit the orc warrior but do no damage.
The orc warrior is heavily wounded.
The orc priest calls upon Beogh to heal the orc warrior.
The orc warrior is healed somewhat.
The orc warrior hits you with a +2 mace of venom.
* * * LOW HITPOINT WARNING * * *
The orc warrior hits you with a +2 mace of venom.
* * * LOW HITPOINT WARNING * * *
The orc priest mumbles some strange prayers to Beogh against you.
Beogh smites you!
You die...

.......#####.....<...####.#####.#
.......# #.........# ##..####.#
.......# #.........# #........#
.......# #.........# #........#
.......# ########### #........#
.......# ###.####.# .......# #.##
#.#
.......###################..###.#
.........##..o.o@................
..._..._.##o###############..##.#
..........#.# ##.##.#
.....⌠....#o# #.##.#
..........#g# #.##.#
..._..._.##.#### #..#.#
#........#.....# ##.#.#
#......###.....# ...# ########
#:....#


You could see an orc warrior, an orc priest and an orc.

Vanquished Creatures
  Grinder (D:4)
  An ice beast (D:4)
  2 ogres (D:5)
  A phantom (D:4)
  A big kobold (Sewer)
  Blork the orc (D:3)
  A bullfrog (D:6)
  A scorpion (D:6)
  2 hounds (D:5)
  A jelly (D:6)
  2 bullfrog skeletons
  3 orc priests
  6 orc wizards
  4 worker ants
  Ijyb (D:4)
  Robin (D:4)
  14 adders
  A river rat (Sewer)
  An ooze (Sewer)
  2 worms (Sewer)
  8 dart slugs
  3 leopard geckos (D:3)
  16 orcs
  2 ball pythons (Sewer)
  12 giant cockroaches
  15 goblins
  10 hobgoblins
  4 jackals (D:1)
  12 kobolds
  A quokka (D:3)
  8 bats
  7 frilled lizards
  6 rats
151 creatures vanquished.

Vanquished Creatures (others)
  An orc (D:4)
1 creature vanquished.

Grand Total: 152 creatures vanquished

Notes
Turn   | Place    | Note
-------+----------+-------------------------------------------
     0 | D:1      | Loudmushroom the Gargoyle Fighter began the quest for the
                  | Orb.
     0 | D:1      | Reached XP level 1. HP: 14/14 MP: 1/1
    48 | D:1      | Reached XP level 2. HP: 19/19 MP: 2/2
   388 | D:1      | Reached XP level 3. HP: 23/23 MP: 3/3
   963 | D:2      | Reached XP level 4. HP: 27/29 MP: 4/4
  1818 | D:3      | Reached XP level 5. HP: 32/33 MP: 5/5
  1833 | D:3      | Found a glowing drain.
  1860 | Sewer    | Entered a sewer
  1970 | Sewer    | Noticed a big kobold
  2000 | Sewer    | Killed a big kobold
  2194 | Sewer    | Reached XP level 6. HP: 38/38 MP: 6/6
  2880 | D:4      | Noticed Blork the orc
  2880 | D:4      | Noticed Ijyb
  2901 | D:3      | Killed Blork the orc
  3202 | D:4      | Killed Ijyb
  3311 | D:4      | Found a sacrificial altar of Ru.
  3442 | D:4      | Noticed a phantom
  3457 | D:4      | Reached XP level 7. HP: 44/44 MP: 7/7
  3719 | D:4      | Found a glowing silver altar of Zin.
  3720 | D:4      | Noticed Grinder
  3720 | D:4      | Paralysed by Grinder for 6 turns
  3726 | D:4      | Found a hide-covered altar of Uskayaw.
  3726 | D:4      | Found an ornate altar of the Wu Jian Council.
  3726 | D:4      | Found an opulent altar of Gozag.
  3744 | D:4      | Paralysed by Grinder for 6 turns
  3759 | D:4      | Paralysed by Grinder for 4 turns
  3774 | D:4      | Killed Grinder
  3774 | D:4      | Reached skill level 5 in Fighting
  3774 | D:4      | Reached skill level 5 in Axes
  3774 | D:4      | Reached skill level 5 in Armour
  3774 | D:4      | Reached skill level 5 in Shields
  4035 | D:4      | Noticed Robin
  4040 | D:4      | Killed Robin
  4133 | D:4      | Found a basalt altar of Yredelemnul.
  4225 | D:4      | Found a white marble altar of Elyvilon.
  4502 | D:5      | Entered Level 5 of the Dungeon
  4568 | D:5      | Reached XP level 8. HP: 28/49 MP: 8/8
  4796 | D:5      | Reached skill level 1 in Evocations
  5205 | D:5      | Found a snail-covered altar of Cheibriados.
  5859 | D:6      | Found a bloodstained altar of Trog.
  5861 | D:6      | Found an ancient bone altar of Kikubaaqudgha.
  5863 | D:6      | Found a radiant altar of Vehumet.
  5863 | D:6      | Found a blossoming altar of Fedhas.
  6390 | D:6      | Killed from afar by an orc priest

Vault maps used:
D:1:      matt_arrival_refuge
D:2:      serial_bayou_pond_a
D:3:      gup_sewer_entry_pipe, nrook_campfire, serial_bayou_lake_a
D:4:      kennysheep_ying_yang, nicolae_ru_awakened_eye, minitemple,
          minmay_misc_feat_square, lemuel_old_faithful, uniq_blork_the_orc,
          uniq_grinder, uniq_robin, uniq_ijyb
D:5:      kennysheep_slug_shrine, first_ration
D:6:      grunt_temple_overflow_open
Sewer:    sewer_co_15_rooms

Skill      XL: |  1  2  3  4  5  6  7  8 |
---------------+-------------------------+-----
Axes           | 2 3 4 5 6 |  6.3
Fighting       | 4 5 6 |  6.1
Armour         | 4 5 6 |  6.1
Shields        | 4 5 6 |  6.1
Evocations     | 2 |  2.1

Action                   |  1- 3 |  4- 6 |  7- 9 || total
-------------------------+-------+-------+-------++-------
Melee: War axe           |    89 |   273 |   240 ||   602
       Mace              |       |       |    36 ||    36
Throw: Javelin           |       |       |     2 ||     2
  Use: Scroll            |       |       |    11 ||    11
  Eat: Chunk             |       |     6 |     6 ||    12
       Ration            |       |     1 |     1 ||     2
Armor: Scale mail        |    80 |    66 |       ||   146
       Chain mail        |       |    93 |   158 ||   251
Dodge: Dodged            |    42 |    55 |    51 ||   148
Block: Shield            |    67 |   121 |   162 ||   350

Table legend:
 A = Non-vault XP
 B = Vault XP
 C = Vault XP percentage of total XP
 D = Non-vault monster count
 E = Vault monster count
 F = Vault count percentage of total count
                 A         B        C        D         E       F
            +---------+---------+-------+---------+---------+-------
      Total |    1652 |     642 |  28.0 |     111 |      40 |  26.5
            +---------+---------+-------+---------+---------+-------
        D:1 |      51 |       0 |   0.0 |      26 |       0 |   0.0
        D:2 |     102 |       0 |   0.0 |      27 |       0 |   0.0
        D:3 |      49 |     113 |  69.8 |      13 |       9 |  40.9
        D:4 |     450 |     355 |  44.1 |      19 |      14 |  42.4
        D:5 |     519 |       4 |   0.8 |      14 |       1 |   6.7
        D:6 |     481 |       0 |   0.0 |      12 |       0 |   0.0
      Sewer |       0 |     170 | 100.0 |       0 |      16 | 100.0
            +---------+---------+-------+---------+---------+-------
